 Dungeon Crawl Stone Soup version 0.23.2-1-ga50397a (webtiles) character file.

Game seed: 1582743324655384260

93129 MalarOregon the Nimble (level 16, -6/125 HPs)
             Began as a Merfolk Ice Elementalist on May 19, 2019.
             Was an Elder of Sif Muna.
             Mangled by an alligator (18 damage)
             ... on level 2 of the Swamp.
             The game lasted 02:14:19 (31924 turns).

MalarOregon the Nimble (Merfolk Ice Elementalist)  Turns: 31924, Time: 02:14:19

Health: -6/125     AC: 12    Str: 14    XL:     16   Next: 7%
Magic:  27/29      EV: 26    Int: 19    God:    Sif Muna [****..]
Gold:   1185       SH:  7    Dex: 26    Spells: 5/34 levels left

rFire    . . .     SeeInvis +   a - +2 dagger (elec)
rCold    + . .     Gourm    .   Z - +0 buckler
rNeg     + . .     Faith    .   y - +2 robe {rN+}
rPois    +         Spirit   .   K - +1 hat {MR+}
rElec    .         Reflect  .   U - +1 cloak {+Inv}
rCorr    .         Harm     .   I - +0 pair of gloves
MR       ++...                  A - +3 pair of boots of the Centipede {Dex+10 Slay+3 SInv}
Stlth    +++++.....             o - amulet of regeneration
HPRegen  0.70/turn              r - ring "Kobuefuc" {rC+ Str+5}
MPRegen  0.21/turn              P - ring of poison resistance

@: about to teleport, studying Necromancy, divine energy
A: change form in water, swift swim, stealthy swim
a: Stop Divine Energy, Channel Magic, Forget Spell, Renounce Religion, Evoke
Invisibility


You were on level 2 of the Swamp.
You worshipped Sif Muna.
Sif Muna was greatly pleased with you.
You were not hungry.

You visited 5 branches of the dungeon, and saw 22 of its levels.
You also visited: Sewer and Ice Cave.

You collected 3567 gold pieces.
You spent 2382 gold pieces at shops.

Inventory:

Hand Weapons
 a - a +2 dagger of electrocution (weapon)
   (You took it off a kobold on level 1 of the Dungeon)
Armour
 y - a +2 robe of positive energy (worn)
   (You found it on level 6 of the Dungeon)
 A - the +3 pair of boots of the Centipede (worn) {Dex+10 Slay+3 SInv}
   (You acquired it on level 6 of the Dungeon)

   It affects your dexterity (+10).
   It affects your accuracy and damage with ranged weapons and melee attacks
   (+3).
   It lets you see invisible.
 I - a +0 pair of gloves (worn)
   (You found it on level 10 of the Dungeon)
 K - a +1 hat of magic resistance (worn)
   (You took it off Gastronok on level 10 of the Dungeon)
 U - a +1 cloak of invisibility (worn)
   (You took it off Crazy Yiuf on level 7 of the Dungeon)
 V - a +2 shield
   (You took it off an orc warlord on level 1 of the Orcish Mines)
 Z - a +0 buckler (worn)
   (You found it on level 2 of the Swamp)
Jewellery
 f - a +3 amulet of reflection
   (You found it on level 1 of the Dungeon)
 i - an uncursed ring of protection from fire
   (You found it in an ice cave)
 l - an uncursed ring of protection from magic
   (You found it in an ice cave)
 n - an uncursed ring of positive energy
   (You found it on level 5 of the Dungeon)
 o - an amulet of regeneration (around neck)
   (You found it on level 2 of the Dungeon)
 q - an uncursed ring of resist corrosion
   (You found it on level 3 of the Dungeon)
 r - the ring "Kobuefuc" (left hand) {rC+ Str+5}
   (You found it on level 10 of the Dungeon)

   [ring of protection from cold]

   It affects your strength (+5).
   It protects you from cold.
 P - a ring of poison resistance (right hand)
   (You found it on level 1 of the Lair of Beasts)
Wands
 c - a wand of disintegration (20)
   (You found it on level 6 of the Dungeon)
 d - a wand of iceblast (13)
   (You found it on level 2 of the Lair of Beasts)
 s - a wand of scattershot (1)
   (You found it on level 5 of the Lair of Beasts)
 t - a wand of flame (64)
   (You found it on level 11 of the Dungeon)
 u - a wand of paralysis (8)
   (You found it on level 3 of the Dungeon)
 v - a wand of digging (25)
   (You took it off Ijyb on level 3 of the Dungeon)
 x - a wand of acid (15)
   (You found it on level 7 of the Dungeon)
 z - a wand of polymorph (25)
   (You found it on level 6 of the Dungeon)
 H - a wand of enslavement (5)
   (You found it on level 9 of the Dungeon)
Scrolls
 m - 11 scrolls of teleportation {@r4}
 C - 4 scrolls of fear
 F - a scroll of enchant weapon
 J - 2 scrolls of identify {@r1}
 N - a scroll of magic mapping
 S - 3 scrolls of immolation {!r}
 T - 3 scrolls of remove curse {@r2}
 W - 4 scrolls of fog
 Y - a scroll of blinking
Potions
 b - 7 potions of haste {@q3}
 g - 6 potions of resistance
 h - 4 potions of agility
 j - 12 potions of curing {@q1}
 k - 5 potions of lignification {!q}
 p - 3 potions of might
 w - 2 potions of cancellation
 B - 2 potions of mutation {!q}
 E - a potion of invisibility
 M - a potion of berserk rage
 O - a potion of brilliance
 Q - 4 potions of flight
Books
 R - a manual of Necromancy {!d}
   (You bought it in a shop on level 2 of the Orcish Mines)
Miscellaneous
 G - a lightning rod (4/4) {!a}
   (You found it on level 9 of the Dungeon)
 X - 2 sacks of spiders
Comestibles
 e - 31 rations {!d}


   Skills:
 + Level 11.1 Fighting
 - Level 5.1 Short Blades
 + Level 13.2 Dodging
 + Level 10.1 Stealth
 * Level 7.3 Shields
 + Level 9.8 Spellcasting
 * Level 6.2 Conjurations
 - Level 4.0 Summonings
 + Level 3.1 Necromancy
 * Level 6.1 Fire Magic
 + Level 12.3 Ice Magic
 * Level 5.1 Air Magic
 - Level 8.0 Evocations


You had 5 spell levels left.
You knew the following spells:

 Your Spells              Type           Power        Failure   Level  Hunger
a - Freezing Cloud        Conj/Ice/Air   #####.....   41%         6    ######.
c - Bolt of Cold          Conj/Ice       #####.....   26%         6    ######.
d - Summon Ice Beast      Ice/Summ       #####...     2%          4    ###....
q - Sticky Flame          Conj/Fire      ####....     6%          4    ###....
x - Fireball              Conj/Fire      ####......   16%         5    #####..
z - Summon Lightning Spi  Summ/Air       ####....     12%         4    ###....

Your spell library contained the following spells:

 Spells                   Type           Power        Failure   Level  Hunger
 Flame Tongue             Conj/Fire      ####.        1%          1    None
 Freeze                   Ice            ####         1%          1    None
 Summon Butterflies       Summ           ###.....     1%          1    None
 Summon Small Mammal      Summ           ###.         1%          1    None
 Ensorcelled Hibernation  Hex/Ice        ####..       1%          2    None
 Throw Flame              Conj/Fire      ####..       1%          2    None
 Throw Frost              Conj/Ice       #####.       1%          2    None
 Conjure Flame            Conj/Fire      ####....     1%          3    None
 Ozocubu's Armour         Chrm/Ice       ####....     1%          3    None
 Throw Icicle             Conj/Ice       #####...     1%          4    ###....
 Call Imp                 Summ           ###.....     2%          2    None
 Poisonous Vapours        Pois/Air       ###...       4%          2    None
 Call Canine Familiar     Summ           ###.....     4%          3    None
 Mephitic Cloud           Conj/Pois/Air  ###.....     4%          3    None
 Inner Flame              Hex/Fire       ###.....     6%          3    None
 Stone Arrow              Conj/Erth      ###...       6%          3    None
 Ice Form                 Ice/Tmut       ####....     6%          4    ###....
 Apportation              Tloc           #.....       8%          1    None
 Corona                   Hex            #......      8%          1    None
 Infusion                 Chrm           #...         8%          1    None
 Sandblast                Erth           #.....       8%          1    None
 Ignite Poison            Fire/Tmut/Pois ###.....     10%         3    None
 Summon Guardian Golem    Hex/Summ       ###.....     10%         3    None
 Passwall                 Tmut/Erth      #.......     12%         2    None
 Shroud of Golubria       Chrm/Tloc      #.........   12%         2    None
 Slow                     Hex            #.......     12%         2    None
 Song of Slaying          Chrm           #.......     12%         2    None
 Regeneration             Chrm/Necr      ###.......   12%         3    None
 Metabolic Englaciation   Hex/Ice        ####......   17%         5    #####..
 Fulminant Prism          Conj/Hex       ###.......   21%         4    ###....
 Confuse                  Hex            #.......     22%         3    None
 Lesser Beckoning         Tloc           #.........   22%         3    None
 Portal Projectile        Hex/Tloc       #.....       22%         3    None
 Spectral Weapon          Hex/Chrm       #.......     22%         3    None
 Tukima's Dance           Hex            #.......     22%         3    None
 Cause Fear               Hex            #.........   58%         4    ###....
 Leda's Liquefaction      Hex/Erth       #.........   58%         4    ###....
 Petrify                  Tmut/Erth      #.......     58%         4    ###....
 Silence                  Hex/Air        ###.......   58%         5    #####..
 Alistair's Intoxication  Tmut/Pois      #.......     91%         5    #####..
 Lee's Rapid Deconstruct  Erth           #.........   91%         5    #####..
 Ozocubu's Refrigeration  Ice            ######....   8%          6    ######.
 Simulacrum               Ice/Necr       #####.....   43%         6    ######.
 Invisibility             Hex            #.......     100%        6    ######.
 Malign Gateway           Summ/Tloc      ###.......   100%        7    #######
 Monstrous Menagerie      Summ           ###.......   100%        7    #######
 Ring of Flames           Chrm/Fire      ###.......   100%        7    #######
 Summon Greater Demon     Summ           ###.......   100%        7    #######
 Discord                  Hex            #.........   100%        8    #######
 Summon Horrible Things   Summ           ###.......   100%        8    #######


Dungeon Overview and Level Annotations

Branches:
Dungeon (11/15)            Temple (1/1) D:5            Lair (6/6) D:11
  Swamp (2/4) Lair:4       Spider (0/4) Lair:2        Slime (0/5) Lair:5
    Orc (2/2) D:11            Elf (0/3) Orc:2

Altars:
Ashenzari
Cheibriados
Dithmenos
Elyvilon
Fedhas
Gozag
Hepliaklqana
Kikubaaqudgha
Makhleb
Nemelex Xobeh
Okawaru
Qazlal
Ru
Sif Muna
Trog
Uskayaw
Vehumet
Wu Jian
Xom
Yredelemnul
Zin
The Shining One

Shops:
D:5 [   D:6 *   D:8 !   D:10 [   Orc:1 *%(((   Orc:2 (:*=[

Annotations:
Swamp:1 2 runed translucent doors, Gizxag's ghost, adept DEEE


Message History

The flames covering the alligator go out.
The alligator stops burning.
The alligator is engulfed in a cloud of scalding steam.
The alligator completely misses you. x2
You hit the alligator but do no damage.
Lightning courses through the alligator!
You tail-slap the alligator, but do no damage.
The alligator bites you!!
The alligator tail-slaps you but does no damage.
You hit the alligator.
Your tail-slap misses the alligator.
The alligator is engulfed in a cloud of scalding steam.
The alligator puts on a burst of speed!
You completely miss the alligator. The alligator completely misses you. x2
You closely miss the alligator.
Your tail-slap misses the alligator.
The alligator is engulfed in a cloud of scalding steam.
The alligator misses you. The alligator tail-slaps you.
You hit the alligator.
You tail-slap the alligator, but do no damage.
The alligator puts on a burst of speed!
The alligator misses you. You block the alligator's attack.
You closely miss the alligator.
You tail-slap the alligator, but do no damage.
The alligator is engulfed in a cloud of scalding steam.
The alligator barely misses you. The alligator closely misses you.
You hit the alligator but do no damage. The alligator completely misses you.
You block the alligator's attack.
You barely miss the alligator. You tail-slap the alligator.
The spriggan rider hits you from afar with a +0 spear!!
* * * LOW HITPOINT WARNING * * *
The alligator misses you. x2
The alligator bites you!!
* * * LOW HITPOINT WARNING * * *
The alligator tail-slaps you.
* * * LOW HITPOINT WARNING * * *
The +3 pair of boots of the Centipede {Dex+10 Slay+3 SInv} unmelds from your body.
The alligator bites you!
* * * LOW HITPOINT WARNING * * *
The alligator completely misses you. The alligator barely misses you.
The alligator misses you.
As you read the scroll of teleportation {@r4}, it crumbles to dust.
You feel strangely unstable.
The spriggan rider hits you from afar with a +0 spear.
* * * LOW HITPOINT WARNING * * *
The alligator bites you but does no damage.
The alligator completely misses you. x2; The alligator closely misses you.
You feel much better.
The spriggan rider hits you from afar with a +0 spear!!
* * * LOW HITPOINT WARNING * * *
The alligator bites you!!
You die...

.♣≈....♣.≈≈≈.♣
.♣♣.≈≈.≈.≈≈≈§♣ ≈
.♣♣♣≈≈≈.♣≈..♣♣ ♣..
♣♣♣♣.≈≈.♣♣♣♣♣ ♣♣♣♣♣♣ .≈≈≈
♣♣♣≈..≈(♣♣≈♣♣♣ ♣♣≈≈§≈♣?.♣.≈
...≈≈.♣.....≈♣♣♣≈≈§...≈..♣♣
≈≈≈≈≈.≈♣.≈≈...≈♣..≈≈≈.≈....
≈≈≈≈≈.♣♣♣≈≈≈.≈.≈♣t≈≈≈≈♣≈...
≈≈≈≈≈♣♣ ♣≈.≈.≈≈.@ti≈≈§.....
.≈≈.♣♣ ♣♣♣≈.≈≈≈$≈.≈≈≈...≈≈
♣...♣ ♣....≈.♣♣♣.≈≈.≈≈≈
♣♣≈♣♣ ♣♣..≈≈.♣ ♣.≈≈≈≈≈
♣♣≈.♣ ♣♣♣≈≈≈♣ ..≈≈≈≈ ♣♣♣♣♣
♣♣♣.. ..≈≈≈≈ ♣ ♣≈≈♣ ≈≈≈≈ ♣
.≈♣♣ ♣


You could see 2 alligators and a spriggan rider.

Vanquished Creatures
  Rupert (Lair:5)
  Gastronok (D:10)
  An orc warlord (Orc:1)
  An ettin (Orc:2)
  Erolcha (D:11)
  11 hydras
  2 ice dragons (IceCv)
  A ghost crab (Swamp:2)
  A merfolk avatar (Lair:6)
  2 shambling mangroves (Swamp:1)
  7 alligators
  3 two-headed ogres
  Urug (D:10)
  3 death yaks
  6 orc high priests (Orc:2)
  2 sea snakes (Lair:6)
  The ghost of DavidChitty2 the Unseen, a novice FeBe of Trog (Lair:1)
  3 swamp dragons (Swamp:1)
  An unseen horror (D:11)
  A spriggan druid (Swamp:1)
  Pikel (D:7)
  4 oklob plants
  3 orc knights
  An ugly thing (D:11)
  3 orc sorcerers
  14 elephants
  2 manticores
  Maurice (D:11)
  3 black mambas
  2 ice statues (IceCv)
  A centaur zombie (D:11)
  5 centaur skeletons
  14 spiny frogs
  11 komodo dragons
  8 rime drakes
  4 trolls
  6 polar bears
  4 tyrant leeches
  16 blink frogs
  5 bog bodies
  11 hornets
  6 hippogriffs
  A wraith (D:10)
  A shadow (D:11)
  A vampire (D:10)
  27 yaks
  Sigmund (D:5)
  The ghost of troglodite the Chopper, an amateur TrWn of Cheibriados (D:5)
  4 wyverns
  2 basilisks
  7 vampire mosquitoes (Swamp:2)
  6 swamp worms
  13 water moccasins
  9 insubstantial wisps
  Duvessa (D:5)
  4 wargs (Orc:1)
  8 swamp drakes
  31 orc warriors
  3 porcupines
  19 ice beasts
  A sky beast (D:7)
  A slave (D:7)
  6 black bears
  2 phantoms
  12 ogres
  2 centaurs (D:10)
  3 wolves (Lair:6)
  12 crocodiles
  2 big kobolds
  9 bullfrogs
  Blork the orc (D:6)
  Dowan (D:5)
  2 scorpions
  8 killer bees
  4 wights (D:7)
  2 howler monkeys
  5 crimson imps
  A quasit (D:4)
  6 hounds
  A gnoll shaman (D:5)
  19 orc priests
  2 jellies
  Crazy Yiuf (D:7)
  3 bullfrog skeletons
  3 iguanas
  Ijyb (D:3)
  13 orc wizards
  7 worker ants
  2 bullfrog simulacra (D:5)
  A hound skeleton (D:5)
  A worker ant zombie (D:5)
  3 gnolls
  2 river rats
  8 adders
  3 shadow imps
  A worker ant simulacrum (D:5)
  An ooze (D:2)
  2 worms (D:4)
  A dart slug (D:1)
  An adder simulacrum (D:5)
  5 leopard geckos
  45 orcs
  5 ball pythons
  7 giant cockroaches
  16 goblins
  2 hobgoblins
  11 jackals
  5 quokkas
  10 bats
  2 frilled lizards
  A giant cockroach simulacrum (D:5)
  17 kobolds
  A leopard gecko simulacrum (D:5)
  A quokka simulacrum (D:5)
  A quokka skeleton (D:9)
  A quokka zombie (D:5)
  14 rats
  2 fungi
616 creatures vanquished.

Vanquished Creatures (collateral kills)
  An orc warlord (Orc:1)
  Snorg (D:10)
  3 hydras
  The ghost of Frank the Slicer, a novice OpFi of Makhleb (Lair:2)
  An orc knight (Orc:1)
  An ugly thing (D:11)
  An oklob plant (Lair:1)
  A black mamba (Lair:5)
  A hornet (Swamp:1)
  6 yaks
  A human (D:9)
  A hog (D:9)
  3 insubstantial wisps
  3 wargs (D:11)
  A porcupine (Lair:2)
  2 water moccasins
  4 orc warriors
  A black bear (Lair:2)
  2 bullfrogs
  A wyvern skeleton (D:11)
  A scorpion (D:11)
  A crimson imp (D:11)
  4 orcs
  3 kobolds (D:10)
  A plant (Lair:1)
46 creatures vanquished.

Vanquished Creatures (others)
  A hydra (Swamp:2)
  An alligator (Swamp:2)
  A spiny frog (Swamp:2)
  A wight (D:7)
  An orc (D:5)
  39 fungi
  14 plants
58 creatures vanquished.

Grand Total: 720 creatures vanquished

Notes
Turn   | Place    | Note
-------+----------+-------------------------------------------
     0 | D:1      | MalarOregon the Merfolk Ice Elementalist began the quest
                  | for the Orb.
     0 | D:1      | Reached XP level 1. HP: 13/13 MP: 3/3
   258 | D:1      | Reached XP level 2. HP: 3/20 MP: 0/5
   775 | D:1      | Reached skill level 3 in Dodging
   777 | D:1      | Reached skill level 1 in Fighting
   926 | D:1      | Reached XP level 3. HP: 26/26 MP: 4/6
  1772 | D:2      | Reached XP level 4. HP: 32/32 MP: 7/7
  2135 | D:3      | Noticed Ijyb
  2153 | D:3      | Killed Ijyb
  2547 | D:3      | Reached XP level 5. HP: 37/37 MP: 8/8
  2730 | D:3      | Found a hide-covered altar of Uskayaw.
  2924 | D:4      | Found a glowing drain.
  2970 | Sewer    | Entered a sewer
  3072 | Sewer    | Noticed a big kobold
  3089 | Sewer    | Killed a big kobold
  3089 | Sewer    | Reached skill level 4 in Dodging
  3089 | Sewer    | Reached skill level 5 in Ice Magic
  3089 | Sewer    | Reached XP level 6. HP: 43/44 MP: 10/10
  3299 | Sewer    | Found a white marble altar of Elyvilon.
  3784 | D:4      | Found a snail-covered altar of Cheibriados.
  4319 | D:4      | Found a stormy altar of Qazlal.
  4323 | D:4      | Found a bloodstained altar of Trog.
  4323 | D:4      | Found a glowing golden altar of the Shining One.
  4405 | D:4      | Found a glowing silver altar of Zin.
  4705 | D:5      | Entered Level 5 of the Dungeon
  4706 | D:5      | Reached XP level 7. HP: 51/51 MP: 11/11
  4707 | D:5      | Noticed Dowan
  4738 | D:5      | Noticed Duvessa
  4822 | D:5      | Killed Duvessa
  4822 | D:5      | Reached skill level 1 in Short Blades
  4826 | D:5      | Killed Dowan
  4996 | D:4      | Reached skill level 5 in Dodging
  5426 | D:5      | Reached XP level 8. HP: 58/58 MP: 8/13
  5549 | D:5      | Found an ornate altar of the Wu Jian Council.
  5823 | D:5      | Found a runed translucent gate.
  5824 | D:5      | Found a runed translucent gate.
  5825 | D:5      | Found a runed translucent gate.
  5857 | D:5      | Noticed troglodite's ghost (amateur TrWn)
  5923 | D:5      | Noticed Sigmund
  6078 | D:5      | Found Zaonur's Antique Armour Shop.
  6149 | D:5      | Reached skill level 5 in Stealth
  6174 | D:5      | Found a staircase to the Ecumenical Temple.
  6196 | Temple   | Entered the Ecumenical Temple
  6465 | Temple   | Became a worshipper of Sif Muna the Loreminder
  6759 | D:6      | Learned a level 4 spell: Throw Icicle
  6764 | D:6      | Learned a level 4 spell: Summon Ice Beast
  6769 | D:6      | Learned a level 4 spell: Summon Lightning Spire
  6822 | D:6      | Reached skill level 1 in Conjurations
  6832 | D:6      | Noticed Blork the orc
  6839 | D:6      | Killed Blork the orc
  6867 | D:6      | Found Mathe's Assorted Antiques.
  6875 | D:6      | Bought a scroll labeled RUILYBB XIVVOYMI for 17 gold pieces
  6875 | D:6      | Bought an amethyst potion for 15 gold pieces
  6875 | D:6      | Bought a potion of heal wounds for 85 gold pieces
  7019 | D:6      | Reached skill level 6 in Dodging
  7019 | D:6      | Reached skill level 1 in Summonings
  7019 | D:6      | Reached skill level 1 in Air Magic
  7019 | D:6      | Reached XP level 9. HP: 57/65 MP: 15/15
  7035 | D:6      | Identified a scroll of acquirement
  7036 | D:6      | Got a pair of scorched boots
  7047 | D:6      | Identified the +3 pair of boots of the Centipede {Dex+10
                  | Slay+3 SInv} (You acquired it on level 6 of the Dungeon)
  7438 | D:7      | Found a basalt altar of Yredelemnul.
  7624 | D:7      | Noticed Pikel
  7682 | D:7      | Killed Pikel
  7682 | D:7      | Reached * piety under Sif Muna
  7823 | D:7      | Found a runed translucent door.
  7824 | D:7      | Noticed Crazy Yiuf
  8170 | D:8      | Identified Ygosaqip's Papyrus of Beguiling
  8202 | D:8      | Learned a level 4 spell: Sticky Flame
  8249 | D:8      | Reached skill level 5 in Fighting
  8317 | D:8      | Found Toqy's Distillery.
  8320 | D:8      | Bought a potion of heal wounds for 55 gold pieces
  8320 | D:8      | Bought 2 potions of curing for 66 gold pieces
  8320 | D:8      | Bought a potion of haste for 110 gold pieces
  8371 | D:8      | Reached skill level 7 in Dodging
  8377 | D:8      | Reached skill level 1 in Fire Magic
  8386 | D:8      | Reached XP level 10. HP: 59/74 MP: 10/17
  8520 | D:8      | Reached skill level 5 in Spellcasting
  8711 | D:9      | Noticed a two-headed ogre
  8714 | D:10     | Entered Level 10 of the Dungeon
  8729 | D:10     | Reached ** piety under Sif Muna
  8997 | D:9      | Killed a two-headed ogre
  8997 | D:9      | Reached skill level 5 in Short Blades
  9273 | D:9      | Reached skill level 8 in Dodging
  9454 | D:10     | Found a glowing silver altar of Zin.
  9539 | D:10     | Found Dexeulolai's Armour Shop.
  9581 | D:10     | Noticed a two-headed ogre
  9586 | D:10     | Killed a two-headed ogre
  9586 | D:10     | Reached XP level 11. HP: 79/83 MP: 17/20
  9633 | D:10     | Noticed Gastronok
  9660 | D:10     | Killed Gastronok
  9660 | D:10     | Reached *** piety under Sif Muna
  9660 | D:10     | Reached skill level 9 in Dodging
  9972 | D:10     | Got a warped golden ring
  9974 | D:10     | Identified the ring "Kobuefuc" {rC+ Str+5} (You found it on
                  | level 10 of the Dungeon)
 10039 | D:10     | Noticed Urug
 10054 | D:10     | Killed Urug
 10427 | D:11     | Noticed Snorg
 10427 | D:11     | Noticed an unseen horror
 10446 | D:10     | Killed Snorg
 10854 | D:11     | Killed an unseen horror
 10854 | D:11     | Noticed a manticore
 10877 | D:10     | Killed a manticore
 11062 | D:11     | Reached **** piety under Sif Muna
 11142 | D:11     | Reached XP level 12. HP: 43/92 MP: 4/22
 11242 | D:11     | Noticed a two-headed ogre
 11249 | D:11     | Killed a two-headed ogre
 11249 | D:11     | Reached skill level 10 in Dodging
 11270 | D:11     | Noticed Maurice
 11316 | D:11     | Killed Maurice
 11316 | D:11     | Reached skill level 10 in Ice Magic
 11453 | D:11     | Found a staircase to the Orcish Mines.
 11456 | D:11     | Noticed Erolcha
 11467 | D:11     | Killed Erolcha
 11712 | D:11     | Found a staircase to the Lair.
 11849 | Lair:1   | Entered Level 1 of the Lair of Beasts
 12209 | Lair:1   | Noticed a seven-headed hydra
 12274 | Lair:1   | Killed a seven-headed hydra
 12274 | Lair:1   | Reached skill level 1 in Shields
 12644 | Lair:1   | Found a runed translucent door.
 12646 | Lair:1   | Noticed DavidChitty2's ghost (novice FeBe)
 13182 | Lair:2   | Noticed a seven-headed hydra
 13211 | Lair:2   | Killed a seven-headed hydra
 13211 | Lair:2   | Reached skill level 1 in Evocations
 13428 | Lair:2   | Reached skill level 11 in Dodging
 13527 | Lair:2   | Found a runed translucent gate.
 13527 | Lair:2   | Found a runed translucent gate.
 13529 | Lair:2   | Found a runed translucent gate.
 13530 | Lair:2   | Noticed a five-headed hydra
 13531 | Lair:2   | Noticed Frank's ghost (novice OpFi)
 13531 | Lair:2   | Noticed a six-headed hydra
 13597 | Lair:2   | Reached XP level 13. HP: 100/100 MP: 19/24
 13650 | Lair:2   | Found a hole to the Spider Nest.
 14135 | D:5      | Killed troglodite's ghost
 14135 | D:5      | Reached ***** piety under Sif Muna
 14239 | D:5      | Found Zaonur's Antique Armour Shop.
 14249 | D:5      | Found a staircase to the Ecumenical Temple.
 14397 | D:5      | Found an ornate altar of the Wu Jian Council.
 14574 | D:5      | Killed Sigmund
 14574 | D:5      | Identified Sif Muna's Almanac of the Vitriolic Oath (Sif
                  | Muna gifted it to you on level 5 of the Dungeon)
 14574 | D:5      | Received a gift from Sif Muna
 14744 | D:7      | Killed Crazy Yiuf
 14948 | Lair:1   | Killed DavidChitty2's ghost
 14968 | Lair:1   | Got a brightly glowing lapis lazuli ring
 15100 | Lair:2   | Killed Frank's ghost
 15261 | Lair:3   | HP: 5/101 [death yak (18)]
 15596 | Lair:3   | Reached skill level 5 in Fire Magic
 15695 | Lair:3   | Identified the ring "Vevvof" {Str+5 Stlth+} (You found it
                  | on level 1 of the Lair of Beasts)
 16354 | Lair:3   | Reached skill level 5 in Conjurations
 16799 | Lair:4   | Found a staircase to the Swamp.
 17107 | Lair:4   | Got a warped plate armour
 17437 | Lair:4   | Reached skill level 5 in Evocations
 18262 | Lair:5   | Reached XP level 14. HP: 40/109 MP: 12/26
 18309 | Lair:5   | Found a frozen archway.
 18362 | IceCv    | Entered an ice cave
 18781 | IceCv    | Reached skill level 12 in Dodging
 19073 | IceCv    | Reached skill level 10 in Fighting
 19700 | Lair:5   | Identified the +10 plate armour "Zevvusoff" {rF+ Dex-5
                  | SInv} (You found it on level 4 of the Lair of Beasts)
 19936 | Lair:5   | Found a staircase to the Slime Pits.
 20271 | Lair:5   | Noticed Rupert
 20281 | Lair:5   | Killed Rupert
 20281 | Lair:5   | Reached skill level 5 in Shields
 20848 | Lair:6   | Entered Level 6 of the Lair of Beasts
 21487 | Lair:6   | Received a gift from Sif Muna
 23278 | Lair:6   | Reached XP level 15. HP: 93/117 MP: 6/28
 24070 | Orc:1    | Entered Level 1 of the Orcish Mines
 24234 | Orc:1    | Learned a level 5 spell: Fireball
 24240 | Orc:1    | Found Nietuq's Food Boutique.
 24253 | Orc:1    | Found Ciphea's Antique Weapon Shop.
 24425 | Orc:1    | Found Bocrim's Antique Weapon Shoppe.
 24439 | Orc:1    | Found Egoc's Weapon Boutique.
 24476 | Orc:2    | Entered Level 2 of the Orcish Mines
 24695 | Orc:2    | Found Soirar's Book Shop.
 25199 | Orc:2    | Bought a book of Clouds for 450 gold pieces
 25199 | Orc:2    | Bought a manual of Necromancy for 1104 gold pieces
 25234 | Orc:2    | Learned a level 6 spell: Freezing Cloud
 25237 | Orc:2    | Found Xifaph's Antique Weapon Emporium.
 25393 | Orc:2    | Noticed an orc warlord
 25515 | Orc:1    | Killed an orc warlord
 25804 | Orc:2    | Noticed an orc warlord
 25995 | Orc:1    | Killed an orc warlord
 25995 | Orc:1    | Reached skill level 1 in Necromancy
 26712 | Orc:2    | Found Duyree's Jewellery Shoppe.
 27501 | Orc:2    | Found Sosk's General Store.
 27509 | Orc:2    | Bought a sack of spiders for 240 gold pieces
 27509 | Orc:2    | Bought a sack of spiders for 240 gold pieces
 27766 | Orc:2    | Found Ecycithre's Antique Armour Shop.
 28055 | Orc:2    | Found a staircase to the Elven Halls.
 28399 | Orc:1    | Found Ilurerakk's General Store.
 28551 | Swamp:1  | Entered Level 1 of the Swamp
 28574 | Swamp:1  | Reached skill level 13 in Dodging
 28592 | Swamp:1  | Received a gift from Sif Muna
 28666 | Swamp:1  | Learned a level 6 spell: Bolt of Cold
 28708 | Swamp:1  | Paralysed by a hornet for 1 turns
 28989 | Swamp:1  | Found a large runed translucent door.
 28989 | Swamp:1  | Found a large runed translucent door.
 29777 | Swamp:1  | Reached skill level 10 in Stealth
 29946 | Swamp:1  | Noticed Gizxag's ghost (adept DEEE)
 30311 | Swamp:2  | Reached skill level 5 in Air Magic
 31137 | Swamp:1  | Reached XP level 16. HP: 77/125 MP: 5/29
 31924 | Swamp:2  | Mangled by an alligator

Skill      XL: |  1  2  3  4  5  6  7  8  9 10 11 12 13 14 15 16 |
---------------+-------------------------------------------------+-----
Dodging        | 3 4 5 6 7 8 9 11 12 13 | 13.2
Fighting       | 1 2 3 4 5 6 7 8 9 10 11 | 11.1
Ice Magic      | 4 5 6 7 9 10 11 12 | 12.3
Stealth        | 3 4 5 6 8 9 10 | 10.1
Spellcasting   | 3 4 6 7 8 9 |  9.8
Short Blades   | 1 3 4 5 |  5.1
Conjurations   | 1 2 3 4 5 6 |  6.2
Summonings     | 1 4 |  4.0
Air Magic      | 1 2 4 5 |  5.1
Fire Magic     | 1 2 3 4 5 6 |  6.1
Shields        | 2 4 5 7 |  7.3
Evocations     | 2 5 7 8 |  8.0
Necromancy     | 2 3 |  3.1

Action                   |  1- 3 |  4- 6 |  7- 9 | 10-12 | 13-15 | 16-18 || total
-------------------------+-------+-------+-------+-------+-------+-------++-------
Melee: Unarmed           |     9 |       |       |       |       |       ||     9
       Dagger            |    15 |   164 |   144 |   439 |  1032 |   104 ||  1898
       Tailslap          |       |     5 |       |       |    34 |     9 ||    48
 Cast: Freeze            |    48 |    41 |    84 |   138 |    94 |       ||   405
       Summon Ice Beast  |       |       |       |    15 |    40 |       ||    55
       Summon Lightning  |       |       |       |    15 |    21 |       ||    36
       Sticky Flame      |       |       |       |     6 |   276 |    12 ||   294
       Throw Icicle      |       |       |       |       |    37 |       ||    37
       Fireball          |       |       |       |       |    14 |       ||    14
Invok: Divine Energy     |       |       |       |       |     1 |       ||     1
       Forget Spell      |       |       |       |       |     2 |       ||     2
Evoke: Wand              |       |       |     3 |    30 |     5 |       ||    38
       Lightning rod     |       |       |       |     4 |       |       ||     4
  Use: Scroll            |     8 |    11 |    11 |     7 |    13 |     1 ||    51
       Potion            |       |     2 |       |     1 |     2 |     1 ||     6
 Stab: Sleeping          |     4 |    11 |    12 |    16 |    40 |     1 ||    84
       Distracted        |     1 |       |     1 |     4 |    10 |     3 ||    19
       Paralysed         |       |       |     2 |       |       |       ||     2
  Eat: Chunk             |     3 |     9 |    12 |    19 |    67 |       ||   110
       Ration            |       |       |       |     1 |     8 |     1 ||    10
Armor: Robe              |    14 |    30 |    41 |   129 |   218 |     7 ||   439
Dodge: Dodged            |    23 |   170 |   117 |   682 |  1542 |    80 ||  2614
Block: Other             |     2 |    25 |    10 |       |       |       ||    37
       Buckler           |       |       |       |       |    29 |    39 ||    68
